 Dungeon Crawl Stone Soup version 0.23-a0-4-g8f018a2 (webtiles) character file.

2909 Nilihum the Frost Mage (level 9, -6/59 HPs)
             Began as a Merfolk Ice Elementalist on July 31, 2018.
             Was a Follower of Vehumet.
             Mangled by an orc warrior
             ... wielding a +0 long sword
              (23 damage)
             ... on level 7 of the Dungeon.
             The game lasted 00:23:31 (16008 turns).

Nilihum the Frost Mage (Merfolk Ice Elementalist)  Turns: 16008, Time: 00:23:32

Health: -6/59      AC:  4    Str:  9    XL:     9   Next: 78%
Magic:  11/16      EV: 13    Int: 17    God:    Vehumet [*.....]
Gold:   349        SH:  0    Dex: 14    Spells: 7/18 levels left

rFire    . . .     SeeInvis .   n - +0 rapier (speed)
rCold    . . .     Gourm    .   (no shield)
rNeg     . . .     Faith    .   a - +0 robe
rPois    .         Spirit   .   e - +1 helmet
rElec    .         Reflect  .   (no cloak)
rCorr    .         Harm     .   (no gloves)
MR       .....                  (no boots)
Stlth    ++........             f - amulet of the acrobat
HPRegen  0.19/turn              g - +5 ring of slaying
MPRegen  0.15/turn              (no ring)

@: lethally poisoned (-6 -> -16)
A: change form in water, swift swim, stealthy swim
a: Renounce Religion


You were on level 7 of the Dungeon.
You worshipped Vehumet.
Vehumet was aware of your devotion.
You were not hungry.

You visited 1 branch of the dungeon, and saw 7 of its levels.

You collected 349 gold pieces.

Inventory:

Hand Weapons
 i - a +1 short sword
   (You found it on level 1 of the Dungeon)
 n - a +0 rapier of speed (weapon)
   (You found it on level 2 of the Dungeon)
 p - a +0 dagger of chaos
   (You took it off a crimson imp on level 5 of the Dungeon)
 w - a +1 flail of draining
   (You took it off an orc on level 6 of the Dungeon)
 z - a +0 whip of draining
   (You took it off a gnoll on level 7 of the Dungeon)
Armour
 a - a +0 robe (worn)
 e - a +1 helmet (worn)
   (You found it on level 2 of the Dungeon)
 t - a +0 pair of gloves
   (You found it on level 3 of the Dungeon)
 v - a +1 leather armour of fire resistance
   (You took it off an orc on level 7 of the Dungeon)
 D - a +0 cloak
   (You found it on level 7 of the Dungeon)
Jewellery
 f - an amulet of the acrobat (around neck)
   (You found it on level 1 of the Dungeon)
 g - a +5 ring of slaying (left hand)
   (You found it on level 2 of the Dungeon)
 s - an uncursed amulet of rage {+Rage, !d}
   (You found it on level 3 of the Dungeon)
Wands
 r - a wand of disintegration (21)
   (You found it on level 5 of the Dungeon)
 u - a wand of scattershot (2)
   (You took it off Ijyb on level 5 of the Dungeon)
 C - a wand of paralysis (17)
   (You found it on level 7 of the Dungeon)
Scrolls
 b - 3 scrolls of blinking {!r}
 d - a scroll of fog
 h - 2 scrolls of teleportation
 k - 2 scrolls of remove curse
 l - a scroll of enchant weapon
 o - 3 scrolls of identify
 x - a scroll of enchant armour {unknown}
 y - a scroll of immolation {unknown}
 A - a scroll of amnesia
Potions
 j - 4 potions of heal wounds
 m - a potion of resistance {unknown}
 q - 2 potions of haste
Comestibles
 c - 11 rations
 B - 4 chunks of flesh {@w0}


   Skills:
 - Level 1.1 Fighting
 - Level 1.1 Short Blades
 - Level 2.6 Dodging
 - Level 2.1 Stealth
 - Level 5.1 Spellcasting
 * Level 7.1 Conjurations
 + Level 9.9 Ice Magic


You had 7 spell levels left.
You knew the following spells:

 Your Spells              Type           Power        Failure   Level  Hunger
a - Freeze                Ice            ####         1%          1    None
b - Throw Icicle          Conj/Ice       ####....     4%          4    ####...
c - Flame Tongue          Conj/Fire      ###..        3%          1    None
x - Throw Frost           Conj/Ice       ####..       1%          2    #......
A - Ozocubu's Armour      Chrm/Ice       ###.....     5%          3    ###....

Your spell library contained the following spells:

 Spells                   Type           Power        Failure   Level  Hunger
 Summon Ice Beast         Ice/Summ       ###.....     19%         4    ####...


Dungeon Overview and Level Annotations

Branches:
Dungeon (7/15)             Temple (0/1) D:7

Altars:
Elyvilon
Hepliaklqana
Makhleb
Nemelex Xobeh
Okawaru
Ru
Vehumet
Wu Jian
Xom

Shops:
D:6 *


Message History

You now have 12/16 mp.
Aim: a jackal (severely wounded)
The puff of frost hits the jackal.
You kill the jackal!
Vehumet accepts your kill.
You feel your power returning.
You now have 11/16 mp.
A jackal comes into view.
You see here a jackal corpse.
You butcher the jackal corpse.
The jackal bites you but does no damage.
You see here a chunk of flesh {@w0}.
Aim: a jackal You freeze the jackal.
You kill the jackal!
Vehumet accepts your kill.
You can't see any susceptible monsters within range! (Use Z to cast anyway.) Unknown command.
A jackal comes into view.
B - a chunk of flesh {@w0}
There is an open door here.
c - 10 rations (gained 1)
C - a wand of paralysis (17) Unknown command.
The jackal is too close now for your liking.
A jackal is nearby!
A jackal is nearby!
A jackal is nearby!
You see here a hand axe.
You barely miss the jackal.
The jackal barks!
The jackal bites you but does no damage.
Aim: a jackal You freeze the jackal.
You kill the jackal!
Vehumet accepts your kill.
Vehumet offers you knowledge of Sandblast.
You feel your power returning.
You see here a jackal corpse.
You butcher the jackal corpse.
B - 4 chunks of flesh {@w0} (gained 3)
You see here a jackal skeleton.
You now have 331 gold pieces (gained 7).
c - 11 rations (gained 1)
You now have 349 gold pieces (gained 18).
There is an open door here.
Found a stone staircase leading down.
MP restored: 16
D - a cloak
There is a stone staircase leading down here.
There is an open door here.
An ice beast comes into view.
The ice beast moves out of view.
The ice beast is too close now for your liking.
An ice beast is nearby!
An orc warrior comes into view. It is wielding a long sword.
An orc warrior is nearby!
Unknown command.
An orc warrior is nearby!
Aim: an orc warrior, wielding a long sword and wearing a plate armour (hasn't noticed you)
The flame tongue hits the orc warrior.
The orc warrior appears unharmed.
The orc warrior shouts!
You now have 15/16 mp.
Aim: an orc warrior, wielding a long sword and wearing a plate armour The flame tongue hits the orc warrior.
The orc warrior appears unharmed.
The orc warrior throws a poisoned tomahawk.
The poisoned tomahawk hits you!
You are poisoned.
You take 16 damage, and have 43/59 hp.
MASSIVE DAMAGE!!
You now have 14/16 mp.
You feel very sick.
The orc warrior throws a poisoned tomahawk.
The poisoned tomahawk misses you.
You take 2 damage, and have 41/59 hp.
You feel sick.
You take 2 damage, and have 39/59 hp.
You feel sick.
You take 2 damage, and have 37/59 hp.
You feel sick.
You take 2 damage, and have 35/59 hp.
You start resting.
You feel sick. x2
The orc warrior is too close now for your liking.
You take 2 damage, and have 33/59 hp.
Aim: an orc warrior, wielding a long sword and wearing a plate armour You freeze the orc warrior.
You feel sick. The orc warrior closely misses you.
You take 2 damage, and have 31/59 hp.
You now have 14/16 mp.
Aim: an orc warrior, wielding a long sword and wearing a plate armour (lightly wounded)
You freeze the orc warrior.
You feel sick.
You take 1 damage, and have 30/59 hp.
You now have 13/16 mp.
Aim: an orc warrior, wielding a long sword and wearing a plate armour (moderately wounded)
You freeze the orc warrior.
You feel sick.
The orc warrior hits you with a long sword!
You take 12 damage, and have 18/59 hp.
MASSIVE DAMAGE!!
You now have 12/16 mp.
Aim: an orc warrior, wielding a long sword and wearing a plate armour (heavily wounded)
You freeze the orc warrior.
You feel sick.
The orc warrior hits you with a long sword!!
You die...

....................
#.#....#..#####..###
####.##.# #..# #.##.##
#..### #.....# #.....
#.##########..## #.....
#....o.(.##....###.....
#..#####.........#..###
#..@#..#(#..#.#..#
#...o.......#..<.#
#.####......###..#
#.#..........##..#
#.#.#......#.##..#
#.#.#......#..#.(#
#.#.#....).##.#..#
#.#.#....รท.##.#..##
#.#.#......#......#


You could see an orc warrior.

Vanquished Creatures
  A black bear (D:7)
  2 sky beasts
  An orc warrior (D:5)
  An ice beast (D:6)
  A necrophage (D:4)
  An ogre (D:5)
  A phantom (D:7)
  A centaur (D:7)
  2 bullfrogs
  A gnoll sergeant (D:7)
  A wyvern skeleton (D:5)
  A water moccasin skeleton (D:5)
  4 scorpions
  4 killer bees (D:7)
  4 howler monkeys (D:7)
  4 crimson imps
  A bullfrog zombie (D:3)
  A quasit (D:5)
  A bullfrog skeleton (D:5)
  An orc priest (D:6)
  2 centaur skeletons
  3 hounds
  8 orc wizards
  An iguana (D:3)
  Ijyb (D:5)
  2 worker ants (D:5)
  A hound skeleton (D:4)
  2 worker ant zombies
  14 gnolls
  26 adders
  A shadow imp (D:5)
  2 oozes
  An adder zombie (D:5)
  2 worms (D:2)
  2 dart slugs (D:1)
  2 leopard geckos
  26 orcs
  6 ball pythons
  6 bats
  4 giant cockroaches
  6 goblins
  6 hobgoblins
  14 jackals
  A quokka (D:5)
  7 frilled lizards
  A giant cockroach zombie (D:6)
  11 kobolds
  9 rats
201 creatures vanquished.

Notes
Turn   | Place    | Note
-------+----------+-------------------------------------------
     0 | D:1      | Nilihum the Merfolk Ice Elementalist began the quest for the Orb.
     0 | D:1      | Reached XP level 1. HP: 13/13 MP: 3/3
   433 | D:1      | Reached XP level 2. HP: 19/19 MP: 0/5
  1636 | D:1      | Reached XP level 3. HP: 23/25 MP: 3/6
  1942 | D:1      | Reached skill level 4 in Ice Magic
  2357 | D:2      | Reached skill level 3 in Spellcasting
  2364 | D:1      | Reached XP level 4. HP: 22/31 MP: 0/8
  2755 | D:1      | Learned a level 2 spell: Throw Frost
  2759 | D:1      | Learned a level 3 spell: Ozocubu's Armour
  3111 | D:1      | Reached XP level 5. HP: 20/36 MP: 1/10
  4220 | D:2      | Noticed a sky beast
  4256 | D:2      | Killed a sky beast
  4256 | D:2      | Reached skill level 1 in Fighting
  4256 | D:2      | Reached skill level 1 in Short Blades
  4256 | D:2      | Reached skill level 4 in Spellcasting
  4256 | D:2      | Reached skill level 1 in Conjurations
  4256 | D:2      | Reached skill level 5 in Ice Magic
  4256 | D:2      | Reached XP level 6. HP: 43/43 MP: 0/12
  6494 | D:3      | Found an iron altar of Okawaru.
  7015 | D:3      | Reached skill level 6 in Ice Magic
  7107 | D:3      | Reached XP level 7. HP: 48/48 MP: 7/14
  7759 | D:4      | Reached skill level 5 in Spellcasting
  7784 | D:4      | Found a radiant altar of Vehumet.
  7855 | D:4      | Reached skill level 7 in Ice Magic
  8092 | D:4      | Learned a level 4 spell: Throw Icicle
  8094 | D:4      | Found a sparkling altar of Nemelex Xobeh.
  8226 | D:4      | Found a sacrificial altar of Ru.
  8576 | D:4      | Found a hazy altar of Hepliaklqana.
  8683 | D:4      | Became a worshipper of Vehumet
  8694 | D:5      | Entered Level 5 of the Dungeon
  8718 | D:5      | HP: 10/45 [wyvern skeleton (7)]
  9079 | D:5      | Reached XP level 8. HP: 54/54 MP: 8/15
  9091 | D:5      | Reached skill level 2 in Conjurations
  9893 | D:5      | Reached skill level 3 in Conjurations
  9893 | D:5      | Reached skill level 8 in Ice Magic
 10500 | D:5      | Found a shimmering altar of Xom.
 10501 | D:5      | Found a burning altar of Makhleb.
 10768 | D:5      | Noticed Ijyb
 10773 | D:5      | Killed Ijyb
 10801 | D:5      | Reached * piety under Vehumet
 10801 | D:5      | Offered knowledge of Flame Tongue by Vehumet.
 10801 | D:5      | Reached skill level 4 in Conjurations
 11081 | D:5      | Found a white marble altar of Elyvilon.
 11628 | D:5      | Learned a level 1 spell: Flame Tongue
 11875 | D:6      | Found Vutode Largh's General Store.
 11896 | D:6      | Reached skill level 5 in Conjurations
 11975 | D:6      | Reached XP level 9. HP: 57/59 MP: 11/16
 12160 | D:6      | Reached skill level 9 in Ice Magic
 12831 | D:6      | Found an ornate altar of the Wu Jian Council.
 13704 | D:7      | Reached skill level 6 in Conjurations
 15446 | D:7      | Found a staircase to the Ecumenical Temple.
 15511 | D:7      | Reached skill level 7 in Conjurations
 15920 | D:7      | Offered knowledge of Sandblast by Vehumet.
 16008 | D:7      | Mangled by an orc warrior

Vault maps used:
D:1:      dpeg_cavernosity
D:2:      first_ration, st_stairs_12
D:3:      okawaru_trees_2, kennysheep_nub, palyth_stone_intersect,
          minmay_snake_closets
D:4:      nemelex_xobeh_ov_fountains_minmay,
          gammafunk_temple_overflow_forgotten, columned_hall_lemuel
D:5:      grunt_temple_overflow_champion_of_chaos, elyvilon_altar_5, uniq_ijyb
D:6:      nicolae_overflow_crystal_walls, serial_shops, shop
D:7:      minmay_temple_entry_crystal_x, grunt_ogre_cave

Skill      XL: |  1  2  3  4  5  6  7  8  9 |
---------------+----------------------------+-----
Ice Magic      | 4 5 6 7 8 9 |  9.9
Spellcasting   | 3 4 5 |  5.1
Fighting       | 1 |  1.1
Short Blades   | 1 |  1.1
Conjurations   | 1 5 7 |  7.1
Dodging        | |  2.6
Stealth        | |  2.1

Action                   |  1- 3 |  4- 6 |  7- 9 || total
-------------------------+-------+-------+-------++-------
Melee: Short sword       |    13 |    31 |    29 ||    73
       Unarmed           |     2 |       |       ||     2
       Rapier            |       |       |    87 ||    87
 Cast: Freeze            |    53 |   120 |   186 ||   359
       Throw Frost       |       |    14 |    59 ||    73
       Ozocubu's Armour  |       |     1 |     8 ||     9
       Flame Tongue      |       |       |    15 ||    15
       Throw Icicle      |       |       |    14 ||    14
  Use: Scroll            |       |     2 |     6 ||     8
       Potion            |       |     1 |     5 ||     6
 Stab: Sleeping          |     1 |       |     3 ||     4
  Eat: Chunk             |     5 |    12 |    24 ||    41
       Ration            |       |     1 |     2 ||     3
Armor: Robe              |    11 |    40 |    48 ||    99
Dodge: Dodged            |    62 |   103 |   183 ||   348

Table legend:
 A = Spawn XP
 B = Non-spawn XP
 C = Spawn XP percentage of total XP
 D = Spawn monster count
 E = Non-spawn monster count
 F = Spawn count percentage of total count
 G = Total turns spent on level
                    A         B        C        D         E        F      G
               +---------+---------+-------+---------+---------+-------+---------
         Total |       0 |    4157 |   0.0 |       0 |     201 |   0.0 | 16008
               +---------+---------+-------+---------+---------+-------+---------
           D:1 |       0 |     117 |   0.0 |       0 |      37 |   0.0 |  3394
           D:2 |       0 |     254 |   0.0 |       0 |      27 |   0.0 |  2099
           D:3 |       0 |     353 |   0.0 |       0 |      39 |   0.0 |  2260
           D:4 |       0 |     421 |   0.0 |       0 |      11 |   0.0 |  1269
           D:5 |       0 |    1030 |   0.0 |       0 |      35 |   0.0 |  2806
           D:6 |       0 |     747 |   0.0 |       0 |      23 |   0.0 |  2299
           D:7 |       0 |    1235 |   0.0 |       0 |      29 |   0.0 |  1881
               +---------+---------+-------+---------+---------+-------+---------

Vault maps used:
D:1:      dpeg_cavernosity
D:2:      first_ration, st_stairs_12
D:3:      okawaru_trees_2, kennysheep_nub, palyth_stone_intersect,
          minmay_snake_closets
D:4:      nemelex_xobeh_ov_fountains_minmay,
          gammafunk_temple_overflow_forgotten, columned_hall_lemuel
D:5:      grunt_temple_overflow_champion_of_chaos, elyvilon_altar_5, uniq_ijyb
D:6:      nicolae_overflow_crystal_walls, serial_shops, shop
D:7:      minmay_temple_entry_crystal_x, grunt_ogre_cave

Table legend:
 A = Turns spent in this place as a percentage of turns spent in the entire game.
 B = Non-inter-level travel turns spent in this place as a percentage of non-inter-level travel turns spent in the entire game.
 C = Inter-level travel turns spent in this place as a percentage of turns spent in this place.
 D = Turns resting spent in this place as a percentage of non-inter-level travel turns spent in this place.
 E = Turns spent auto-exploring this place as a percentage of non-inter-level travel turns spent in this place.
 F = Non-inter-level travel turns spent in this place divided by the number of levels of this place that you've seen.
                   A       B       C       D       E      F
               +-------+-------+-------+-------+-------+----------------------
         Total | 100.0 | 100.0 |   1.1 |  72.2 |  16.7 | 2260.6
       Dungeon | 100.0 | 100.0 |   1.1 |  72.2 |  16.7 | 2260.6
               +-------+-------+-------+-------+-------+----------------------

Table legend:
 A = Kills in this place as a percentage of kills in entire the game.
 B = Kills by you in this place as a percentage of kills by you in the entire game.
 C = Kills by friends in this place as a percentage of kills by friends in the entire game.
 D = Other kills in this place as a percentage of other kills in the entire game.
 E = Experience gained in this place as a percentage of experience gained in the entire game.
 F = Experience gained in this place divided by the number of levels of this place that you have seen.
                   A       B       C       D       E      F
               +-------+-------+-------+-------+-------+----------------------
         Total | 100.0 | 100.0 |   N/A |   N/A | 100.0 | 593.9
       Dungeon | 100.0 | 100.0 |   N/A |   N/A | 100.0 | 593.9
               +-------+-------+-------+-------+-------+----------------------
